AoeStats
← Beerfully

MegaRandom

509726142Analyzed
3v3 RM · 4d ago on Sep 27, 2026· 56m 51s· 6 players
Game mode
Random Map
Map size
Normal (6 player)
Population
200
Speed
Normal
Resources
Standard
Victory
Conquest
Starting age
Dark Age
Ending age
Imperial Age
RankedLock teamsTeams togetherTeam positionsShared explorationLock speedFull tech treeHidden civsTurbo modeCheats
Victory
Defeat
🇨🇱 Vietnamese · Chile
1352
+15
🇨🇱 Persians · Chile
1347
+15
🇨🇱 Italians · Chile
1312
+16
🇸🇪 Persians · Sweden
1342
-16
🇸🇪 Hindustanis · Sweden
1312
-15
🇸🇪 Italians · Sweden
1303
-15
Iggyo
0:34 Loom
9:45 Feudal Age
10:17 Double-Bit Axe
10:15 Horse Collar
18:02 Castle Age
19:13 Bow Saw
21:35 Forging
21:25 Scale Mail Armor
24:54 Gold Mining
24:54 Stone Mining
25:51 Fletching
26:05 Elite Skirmisher
30:38 Thumb Ring
30:36 Bodkin Arrow
30:42 Padded Archer Armor
33:04 Ballistics
36:33 Imperial Age
35:35 Masonry
36:06 Wheelbarrow
35:16 Town Watch
36:13 Leather Archer Armor
36:04 Scale Barding Armor
36:30 Fervor
38:16 Chemistry
37:47 Architecture
37:21 Bracer
37:48 Conscription
38:26 Elite Genoese Crossbowman
39:50 Ring Archer Armor
42:32 Light Cavalry
43:22 Bloodlines
43:13 Husbandry
44:31 Chain Barding Armor
44:46 Iron Casting
46:46 Plate Barding Armor
46:24 Heavy Plow
48:10 Blast Furnace
50:21 Cavalier
51:29 Hussar
53:11 Guilds
53:31 Coinage
53:02 Caravan
53:23 Man-at-Arms
54:03 Squires
54:06 Scale Mail Armor
lundh' ♛
7:56 Loom
9:55 Feudal Age
11:30 Double-Bit Axe
13:23 Horse Collar
18:34 Castle Age
17:36 Scale Barding Armor
19:42 Bow Saw
20:00 Bloodlines
22:45 Husbandry
23:14 Forging
25:06 Heavy Plow
29:07 Medium Warships
29:40 Chain Barding Armor
29:56 Iron Casting
32:09 Gold Mining
35:01 Imperial Age
33:34 Scale Mail Armor
35:21 Chain Mail Armor
36:04 Conscription
37:39 Chemistry
37:00 Ballistics
38:33 Blast Furnace
38:09 Plate Barding Armor
37:25 Fletching
37:45 Thumb Ring
37:20 Elite Skirmisher
38:11 Heavy Camel Rider
39:38 Padded Archer Armor
40:23 Gold Shaft Mining
41:26 Two-Man Saw
40:58 Shatagni
43:04 Imperial Camel Rider
44:52 Light Cavalry
49:33 Hussar
50:46 Stone Mining
55:20 Masonry
55:06 Murder Holes
Yaou
7:45 Loom
9:45 Feudal Age
10:49 Double-Bit Axe
16:20 Forging
21:25 Castle Age
22:15 Bow Saw
22:23 Bloodlines
21:40 Light Cavalry
22:34 Bloodlines
22:11 Horse Collar
25:51 Husbandry
26:29 Fletching
33:58 Imperial Age
32:07 Gold Mining
32:25 Elite Skirmisher
34:05 Bodkin Arrow
38:50 Ballistics
39:33 Chemistry
39:21 Wheelbarrow
43:25 Fishing Lines
44:54 Bodkin Arrow
45:00 Padded Archer Armor
47:40 Leather Archer Armor
48:01 Scale Barding Armor
48:32 Iron Casting
48:04 Light Cavalry
48:57 Hussar
50:01 Scale Mail Armor
50:22 Chain Barding Armor
52:04 Caravan
52:50 Pikeman
53:31 Squires
53:49 Chain Mail Armor
Kirintor
0:37 Loom
11:16 Feudal Age
12:05 Double-Bit Axe
14:53 Gold Mining
16:35 Fletching
17:43 Padded Archer Armor
18:28 Wheelbarrow
21:44 Castle Age
20:20 Horse Collar
21:54 Crossbowman
22:40 Thumb Ring
25:29 Town Watch
26:06 Bow Saw
26:47 Bodkin Arrow
28:33 Hand Cart
30:41 Heavy Plow
31:28 Ballistics
32:19 Stone Mining
34:01 Town Patrol
37:08 Imperial Age
35:12 Elite Skirmisher
36:30 Fortified Wall
36:16 Murder Holes
36:46 Leather Archer Armor
37:17 Arbalester
37:17 Imperial Skirmisher
38:09 Bracer
39:03 Paper Money
40:45 Ring Archer Armor
46:01 Chemistry
47:51 Two-Man Saw
53:35 Siege Engineers
53:51 Bombard Tower
Julio_15
0:36 Loom
8:51 Feudal Age
9:18 Double-Bit Axe
16:47 Scale Barding Armor
16:57 Bloodlines
17:01 Horse Collar
20:26 Wheelbarrow
22:40 Castle Age
20:43 Gold Mining
22:02 Forging
23:50 Bow Saw
26:14 Heavy Plow
26:37 Town Watch
28:35 Scale Barding Armor
30:32 Chain Barding Armor
31:28 Husbandry
31:33 Light Cavalry
35:32 Imperial Age
33:20 Stone Mining
34:18 Iron Casting
35:13 Heavy Camel Rider
36:39 Hand Cart
39:15 Plate Barding Armor
38:31 Fletching
39:33 Hussar
40:49 Cavalier
43:08 Blast Furnace
42:21 Savar
45:12 Coinage
45:17 Pikeman
46:02 Squires
46:14 Scale Mail Armor
46:10 Bodkin Arrow
47:50 Gold Shaft Mining
48:20 Two-Man Saw
50:05 Stone Shaft Mining
49:49 Chain Mail Armor
49:22 Gambesons
49:22 Arson
50:40 Chemistry
53:40 Crop Rotation
53:51 Plate Mail Armor
55:00 Conscription
55:07 Conscription
56:29 Ballistics
56:30 Padded Archer Armor
56:12 Elite War Elephant
Beerfully
8:40 Loom
8:51 Loom
11:08 Feudal Age
13:28 Double-Bit Axe
17:26 Castle Age
17:51 Gold Mining
21:53 Pikeman
23:34 Fervor
23:45 Squires
24:37 Scale Mail Armor
25:08 Town Watch
26:32 Fletching
27:51 Bodkin Arrow
28:14 Padded Archer Armor
30:01 Redemption
30:23 Sanctity
30:33 Forging
30:46 Devotion
34:49 Imperial Age
34:28 Ballistics
36:41 Chemistry
35:42 Bracer
36:28 Masonry
36:36 Stone Mining
37:39 Conscription
38:43 Leather Archer Armor
42:14 Wheelbarrow
42:59 Arson
43:31 Chain Mail Armor
43:52 Block Printing
44:22 Horse Collar
44:54 Bow Saw
45:15 Thumb Ring
45:50 Plate Mail Armor
47:44 Iron Casting
49:54 Treadmill Crane
51:41 Hoardings
52:14 Elite Genoese Crossbowman
56:42 Blast Furnace
56:13 Ring Archer Armor
56:40 Hand Cart
57:26 Two-Man Saw
56:27 Heavy Plow
Connection lost

Rejoining the realm…

Still unreachable

The connection could not be restored.

Session expired

The server has moved on; the page needs a fresh start.